 Dungeon Crawl Stone Soup version 0.28.0 (webtiles) character file.

Game seed: 3896790298183263045

19 browni3141 the Skirmisher (level 2, -2/40 HPs)
             Began as a Minotaur Berserker on Feb 15, 2022.
             Was a Follower of Trog.
             Slain by a gnoll (3 damage)
             ... on level 2 of the Dungeon.
             The game lasted 00:00:19 (868 turns).

browni3141 the Skirmisher (Minotaur Berserker)       Turns: 868, Time: 00:00:20

Health: -2/40      AC:  2    Str: 21    XL:     2   Next: 55%
Magic:  1/1        EV: 12    Int:  4    God:    Trog [*.....]
Gold:   27         SH:  0    Dex:  9    Spells: 1/1 levels left

rFire   + . .      SeeInvis .   a - +0 hand axe
rCold   x . .      Faith    .   (no shield)
rNeg    . . .      Spirit   .   b - +0 animal skin
rPois   .          Reflect  .   (helmet restricted)
rElec   .          Harm     .   (no cloak)
rCorr   .          Rampage  .   (no gloves)
Will    .....                   (no boots)
Stlth   ..........              (no amulet)
HPRegen 0.13/turn               f - ring of fire
MPRegen 0.07/turn               (no ring)

@: berserking, very quick
A: horns 2, retaliatory headbutt
a: Renounce Religion, Berserk


You were on level 2 of the Dungeon.
You worshipped Trog.
Trog was aware of your devotion.
You visited 1 branch of the dungeon, and saw 2 of its levels.

You collected 27 gold pieces.

Inventory:

Hand Weapons
 a - a +0 hand axe (weapon)
Armour
 b - a +0 animal skin (worn)
Jewellery
 f - a ring of fire (left hand)
Scrolls
 c - a scroll of magic mapping {unknown}
 d - a scroll of fog {unknown}
 e - a scroll of identify {unknown}
 h - a scroll of blinking {unknown}
Potions
 g - a potion of flight {unknown}


   Skills:
 + Level 3.9 Fighting
 + Level 3.9 Axes
 + Level 2.9 Armour
 + Level 2.5 Dodging


You had one spell level left.
You didn't know any spells.
Your spell library was empty.

Dungeon Overview and Level Annotations

Branches:
Dungeon (2/15)

Altars:


Innate Abilities, Weirdness & Mutations

You have a pair of horns on your head.
You reflexively headbutt those who attack you in melee.


Message History

There are monsters nearby!
You hit the hobgoblin but do no damage. Your headbutt misses the hobgoblin.
The hobgoblin hits you. The hobgoblin closely misses you.
There are monsters nearby!
You hit the hobgoblin.
You kill the hobgoblin!
Trog accepts your kill.
There are monsters nearby!
The worm completely misses you. You furiously retaliate!
You headbutt the worm, but do no damage.
A red film seems to cover your vision as you go berserk!
You feel yourself moving faster!
You feel mighty!
You slash the worm!
The worm is heavily wounded.
The worm bites you!
You barely miss the worm.
The worm is heavily wounded.
The gnoll hits you from afar with a +0 spear!
You slash the worm!
You kill the worm!
Trog accepts your kill.
You slash the gnoll!
The gnoll hits you from afar with a +0 spear.
The gnoll closely misses you.
Found a stone staircase leading up.
The gnoll hits you from afar with a +0 halberd.
* * * LOW HITPOINT WARNING * * *
You feel a strong urge to attack something.
The gnoll hits you with a +0 spear.
* * * LOW HITPOINT WARNING * * *
The gnoll closely misses you. The gnoll misses you.
You are too injured to fight recklessly!
You are too injured to fight recklessly!
You are too injured to fight recklessly!
You hit the gnoll.
The gnoll is heavily wounded.
You hit the gnoll. The gnoll misses you. The gnoll hits you with a +0 spear.
* * * LOW HITPOINT WARNING * * *
The gnoll hits you with a +0 club.
You die...

.........<......
.......................
..<...............)....
.......................
.......................
.....w....##.########
.ggS...###.#
#g######..# #@.......##
##g..##### ..........#
..)....##.# #.......#
... .:.<..... #.#
#.#....... .#
#.......## . #....## #


You could see a worm, 4 gnolls and an adder.

Vanquished Creatures
  A worm (D:2)
  2 endoplasms (D:1)
  A giant cockroach (D:1)
  2 goblins (D:1)
  3 hobgoblins
  A kobold (D:2)
  2 bats (D:1)
  A frilled lizard (D:1)
  2 rats (D:1)
15 creatures vanquished.

Notes
Turn   | Place    | Note
-------+----------+-------------------------------------------
     0 | D:1      | browni3141 the Minotaur Berserker began the quest for the
                  | Orb.
     0 | D:1      | Reached XP level 1. HP: 19/19 MP: 0/0
   475 | D:1      | Reached XP level 2. HP: 27/27 MP: 1/1
   582 | D:1      | Found a faded altar of an unknown god.
   868 | D:2      | HP: 1/40 [gnoll (5)]
   868 | D:2      | Slain by a gnoll

Illustrated notes

Levels and vault maps discovered:
D:1:      amcnicky_arrival_wind_blow, layout_basic,
          shapermc_ecumenical_altar_venn
D:2:      layout_rooms, uniq_robin

Action                   || total
-------------------------++-------
Melee: Hand axe          ||    46
       Headbutt          ||     4
Invok: Berserk           ||     1
Armor: Animal skin       ||    10
Dodge: Dodged            ||    28
